 Dungeon Crawl Stone Soup version 0.29-a0-221-gceb61267dd (webtiles) character file.

Game seed: 1071230037496320930

115 Ordine the Cudgeller (level 5, -2/33 HPs)
             Began as a Tengu Fighter on Feb 26, 2022.
             Killed by divine providence
             ... invoked by an orc priest
              (13 damage)
             ... on level 3 of the Dungeon.
             The game lasted 00:05:52 (1612 turns).

Ordine the Cudgeller (Tengu Fighter)                Turns: 1612, Time: 00:05:53

Health: -2/33      AC: 11    Str: 18    XL:     5   Next: 0%
Magic:  6/6        EV: 10    Int:  8    God:
Gold:   78         SH:  5    Dex: 14    Spells: 4/4 levels left

rFire   . . .      SeeInvis .   a - +0 flail
rCold   . . .      Faith    .   c - +0 buckler
rNeg    . . .      Spirit   .   b - +0 scale mail
rPois   .          Reflect  .   (helmet restricted)
rElec   .          Harm     .   f - +0 cloak
rCorr   .          Rampage  .   m - +2 pair of gloves
Will    .....                   (boots unavailable)
Stlth   ..........              (no amulet)
HPRegen 0.11/turn               (no ring)
MPRegen 0.10/turn               (no ring)

@: flying quickly and evasively, quick
A: beak, talons 3, nimble flight
a: no special abilities


You were on level 3 of the Dungeon.
You visited 1 branch of the dungeon, and saw 3 of its levels.

You collected 91 gold pieces.
You spent 13 gold pieces at shops.

Inventory:

Hand Weapons
 a - a +0 flail (weapon)
Armour
 b - a +0 scale mail (worn)
 c - a +0 buckler (worn)
 f - a +0 cloak (worn)
 m - a +2 pair of gloves (worn)
Scrolls
 i - a scroll of teleportation {unknown}
 j - a scroll of enchant armour {unknown}
 k - a scroll of immolation {unknown}
 l - 2 scrolls of identify {unknown}
 n - a scroll of enchant weapon {unknown}
Potions
 d - 2 potions of might
 e - a potion of curing {unknown}
 g - 2 potions of attraction {unknown}
 h - a potion of haste {unknown}
 o - a potion of mutation {unknown}
 p - a potion of brilliance {unknown}
 q - a potion of heal wounds {unknown}


   Skills:
 + Level 3.9 Fighting
 * Level 4.7 Maces & Flails
 - Level 3.2 Armour
 - Level 3.0 Shields


You had 4 spell levels left.
You didn't know any spells.
Your spell library contained the following spells:

 Spells                   Type           Power      Damage    Failure   Level
 Freeze                   Ice            0%         1d3       87%         1
 Summon Small Mammal      Summ           0%         N/A       87%         1
 Call Canine Familiar     Summ           0%         N/A       99%         3
 Frozen Ramparts          Ice            0%         1d2       99%         3
 Ignite Poison            Fire/Tmut/Pois 0%         N/A       99%         3
 Mephitic Cloud           Conj/Pois/Air  0%         N/A       99%         3
 Stone Arrow              Conj/Erth      0%         3d7       99%         3
 Summon Guardian Golem    Hex/Summ       0%         N/A       99%         3
 Animate Armour           Summ/Erth      0%         N/A       100%        4
 Hailstorm                Conj/Ice       0%         3d3       100%        4
 Leda's Liquefaction      Hex/Erth       0%         N/A       100%        4
 Freezing Cloud           Conj/Ice/Air   0%         6-21      100%        5
 Lee's Rapid Deconstruct  Erth           0%         3d5*      100%        5
 Statue Form              Tmut/Erth      0%         N/A       100%        6
 Lehudib's Crystal Spear  Conj/Erth      0%         10d2      100%        8


Dungeon Overview and Level Annotations

Branches:
Dungeon (3/15)

Altars:

Shops:
D:1 ?

Annotations:
D:1 dig swamp mons


Innate Abilities, Weirdness & Mutations

You have a beak for a mouth.
You have claws for feet.
Your magical nature lets you fly swiftly and evasively.


Message History

An orc and a hobgoblin come into view.
The orc shouts!
The hobgoblin shouts!
You see here 10 gold pieces.
The orc hits you with a +0 trident.
You hit the orc.
The orc is severely wounded.
A giant cockroach comes into view.
The orc hits you but does no damage.
The hobgoblin hits you but does no damage.
You hit the orc.
You kill the orc!
The hobgoblin barely misses you.
The hobgoblin hits you but does no damage.
You sock the hobgoblin!
You kill the hobgoblin!
Things that are here:
a +0 trident; a +0 chain mail; an orc corpse You hit the giant cockroach.
You claw the giant cockroach.
You kill the giant cockroach!
You have reached level 5!
Your magical nature develops, letting you fly swiftly and evasively.
An orc comes into view. It is wielding a +0 flail.
The orc shouts!
An orc comes into view. It is wielding a +0 vorpal hand axe.
An orc comes into view. It is wielding a +0 whip.
You see here a giant cockroach corpse.
The orc shouts! x2
The orc throws a stone.
The stone hits you.
The orc throws a boomerang.
The boomerang misses you.
An orc priest comes into view. It is wielding a +0 hand axe.
An orc comes into view. It is wielding a +0 war axe.
The orc throws a boomerang.
The boomerang hits you.
Found a blue potion.
The orc hits you with a +0 flail.
You barely miss the orc. You claw the orc.
The orc is moderately wounded.
The orc priest calls down the wrath of Beogh upon you.
Beogh smites you!
The orc priest invokes the aid of Beogh against you.
Beogh smites you!
You die...

######..#####
#$.# #..# #.†##
#)..####
##†#....#
.######.........
................
....##o@....###.
...!.o.#.####
.......#.#
....oo.#.#
...o.....#
....... ..
....... ##
......#


You could see an orc priest and 4 orcs.

Vanquished Creatures
  5 adders
  2 worms (D:2)
  A dart slug (D:2)
  2 orcs (D:3)
  4 endoplasms
  2 giant cockroaches
  3 goblins (D:1)
  8 hobgoblins
  2 jackals (D:2)
  6 kobolds
  A quokka (D:1)
  4 ball pythons
  10 bats
  3 frilled lizards
  4 rats
57 creatures vanquished.

Notes
Turn   | Place    | Note
-------+----------+-------------------------------------------
     0 | D:1      | Ordine the Tengu Fighter began the quest for the Orb.
     0 | D:1      | Reached XP level 1. HP: 14/14 MP: 2/2
     7 | D:1      | Noticed a lindwurm
     7 | D:1      | Noticed a hound
     7 | D:1      | Noticed an anaconda
     8 | D:1      | Noticed a snapping turtle
     8 | D:1      | Noticed a swamp drake
   121 | D:1      | Reached XP level 2. HP: 19/19 MP: 3/3
   184 | D:1      | Reached skill level 3 in Maces & Flails
   227 | D:1      | Found a faded altar of an unknown god.
   359 | D:1      | Found Odivvire's Magic Scroll Emporium.
   366 | D:1      | Bought a scroll of noise for 13 gold pieces
   465 | D:1      | Reached XP level 3. HP: 13/23 MP: 4/4
  1002 | D:2      | Reached skill level 4 in Maces & Flails
  1002 | D:2      | Reached XP level 4. HP: 26/28 MP: 5/5
  1575 | D:3      | Gained mutation: Your magical nature lets you fly swiftly
                  | and evasively. [Tengu growth]
  1575 | D:3      | Reached XP level 5. HP: 27/33 MP: 6/6
  1612 | D:3      | Killed from afar by an orc priest

Illustrated notes

Levels and vault maps discovered:
D:1:      onia_arrival_zoo_common, layout_rooms, serial_shops, shop,
          shapermc_ecumenical_altar_ellora
D:2:      minmay_skewed_foursquare, layout_rooms, dk_noncrumbling_4
D:3:      layout_rooms, minitemple, nicolae_elevator_lobby_asterisk

Skill      XL: |  1  2  3 |
---------------+----------+-----
Maces & Flails | 3 4 |  4.7
Fighting       | |  3.9
Armour         | |  3.2
Shields        | |  3.0

Action                   |  1- 3 |  4- 6 || total
-------------------------+-------+-------++-------
Melee: Flail             |   100 |    39 ||   139
       Kick              |    13 |    12 ||    25
       Peck              |     8 |     2 ||    10
Armor: Scale mail        |    68 |    22 ||    90
Dodge: Dodged            |    53 |     8 ||    61
Block: Buckler           |    31 |    12 ||    43

Table legend: (Time is in decaauts)
 A = Elapsed time spent in this place.
 B = Non-inter-level travel time spent in this place.
 C = Inter-level travel time spent in this place.
 D = Time resting spent in this place.
 E = Time spent auto-exploring this place.
 F = Levels seen in this place.
 G = Mean time per level.
                   A        B        C        D        E       F      G
               +--------+--------+--------+--------+--------+-----+--------+
         Total |   1646 |   1621 |     25 |      0 |   1227 |   3 |  548.7 |
       Dungeon |   1646 |   1621 |     25 |      0 |   1227 |   3 |  548.7 |
               +--------+--------+--------+--------+--------+-----+--------+

Top non-repeatable levels by time:
     D:2: 843 daAuts
     D:1: 640 daAuts
     D:3: 163 daAuts
